 Dungeon Crawl Stone Soup version 0.31.0-11-ge490571c62 (webtiles) character file.

Game seed: 11810903602972794016

2048 qw the Skirmisher (level 9, -2/44 HPs)
             Began as a Spriggan Hunter on Feb 3, 2024.
             Was a Follower of Okawaru.
             Succumbed to a scorpion's poison
             ... on level 6 of the Dungeon.
             The game lasted 00:00:37 (5885 turns).

qw the Skirmisher (Spriggan Hunter)                 Turns: 5885, Time: 00:00:38

Health: -2/44      AC:  2    Str:  7    XL:     9   Next: 4%
Magic:  11/11      EV: 24    Int: 11    God:    Okawaru [*.....]
Gold:   359        SH:  0    Dex: 20    Spells: 8/8 levels left

rFire   . . .        a - +1 shortbow
rCold   . . .        (shield currently unavailable)
rNeg    . . .        c - +0 robe
rPois   .            (helmet restricted)
rElec   +            (no cloak)
rCorr   .            (gloves unavailable)
SInv    +            (boots unavailable)
Will    +....        h - amulet of faith
Stlth   ++           (no ring)
HPRegen 0.27/turn    (no ring)
MPRegen 0.12/turn

%: faith
@: lethally poisoned (-2 -> -24), very quick
A: very small, no large weapons, unfitting armour, see invisible, speed 3,
clumsy 1, electricity resistance
a: Renounce Religion, Heroism


You were on level 6 of the Dungeon.
You worshipped Okawaru.
Okawaru was aware of your devotion.
You visited 2 branches of the dungeon, and saw 7 of its levels.

You collected 359 gold pieces.


Innate Abilities, Weirdness & Mutations

You are very small and have problems with some larger weapons.
You are too small for most types of armour.
You have supernaturally acute eyesight. (SInv)
You cover ground extremely quickly. (Speed+++)
You are clumsy. (Dex -2)
You are resistant to electric shocks. (rElec)


   Skills:
 - Level 3.0 Fighting
 + Level 9.8 Ranged Weapons
 - Level 9.2 Dodging
 - Level 1.5 Stealth
 + Level 2.1 Invocations


You had 8 spell levels left.
You didn't know any spells.
Your spell library was empty.

Inventory:

Hand Weapons
 a - a +1 shortbow (weapon)
 k - the +7 sling of the Bedazzling Dove {antimagic, rCorr SInv}
   (You found it on level 5 of the Dungeon)

   SInv:      It lets you see invisible.
   rCorr:     It protects you from acid and corrosion.
Armour
 c - a +0 robe (worn)
Jewellery
 h - an amulet of faith (around neck)
Wands
 d - a wand of flame (9)
Scrolls
 e - a scroll of fog {unknown}
 i - 3 scrolls of identify
Potions
 b - a potion of cancellation
 f - 5 potions of curing
 g - a potion of mutation

Dungeon Overview and Level Annotations

Branches:
Dungeon (6/15)             Temple (1/1) D:4

Altars:
Ashenzari
Dithmenos
Elyvilon
Fedhas
Kikubaaqudgha
Makhleb
Nemelex Xobeh
Okawaru
Sif Muna
Trog
Uskayaw
Vehumet
Wu Jian
Xom
Yredelemnul
Zin
The Shining One


Message History

You shoot an arrow.
The arrow hits the scorpion but does no damage.
You feel sick. The scorpion completely misses you.
You shoot an arrow.
The arrow hits the scorpion but does no damage.
You feel sick. The scorpion stings you.
You are more poisoned.
The scorpion poisons you!
You shoot an arrow. The arrow closely misses the scorpion.
You feel very sick. The scorpion completely misses you.
You shoot an arrow. The arrow hits the scorpion!
The scorpion is moderately wounded.
You feel sick. The scorpion stings you.
You are lethally poisoned!
The scorpion poisons you!
You shoot an arrow. The arrow hits the scorpion!
The scorpion is severely wounded.
You feel very sick. The scorpion completely misses you.
The scorpion barely misses you.
You shoot an arrow.
The arrow hits the scorpion but does no damage.
The scorpion is severely wounded.
You feel very sick. The scorpion misses you.
You shoot an arrow. The arrow hits the scorpion.
The scorpion is almost dead.
You feel very sick.
The scorpion stings you but does no damage.
You shoot an arrow.
The arrow hits the scorpion but does no damage.
The scorpion is almost dead.
You feel sick. The scorpion misses you.
You shoot an arrow. The arrow closely misses the scorpion.
You feel sick. The scorpion stings you.
You are more poisoned.
The scorpion poisons you!
You shoot an arrow.
The arrow completely misses the scorpion.
You die...

##.#########.## ###)...
#.# ##.# #.#..). #.#
#.## ##.##.. #+# ##.##
##.###|. ...
##.###.##.... ....
####.#.###.... .....
##.###.## #....
......####...##.####[...
......s@................
......####...#..####....
..... ##.##.## #....
.... ####.# #.... ...
#.# #.... #+ #.# #....
#.# ###.# #.# .# #.#


You could see a scorpion.

Vanquished Creatures
  A wyvern (D:6)
  A water moccasin (D:6)
  An ice beast (D:3)
  A black bear (D:5)
  2 ogres
  Blork the orc (D:4)
  A kobold brigand (D:3)
  4 scorpions
  3 orc priests
  3 hounds
  2 bombardier beetles (D:4)
  A gnoll bouda (D:5)
  5 jellies
  2 sleepcaps
  Terence (D:3)
  An orc wizard (D:5)
  An iguana (D:5)
  34 gnolls
  7 adders
  2 dart slugs
  23 orcs
  6 ball pythons
  11 bats
  5 endoplasms
  3 giant cockroaches
  5 goblins
  8 hobgoblins
  21 jackals
  2 kobolds
  6 quokkas
  4 frilled lizards
  4 rats
172 creatures vanquished.

Vanquished Creatures (others)
  A bombardier beetle (D:5)
  An ufetubus (D:5)
  An orc (D:5)
3 creatures vanquished.

Grand Total: 175 creatures vanquished

Notes
Turn   | Place    | Note
-------+----------+-------------------------------------------
     0 | D:1      | qw the Spriggan Hunter began the quest for the Orb.
     0 | D:1      | Reached XP level 1. HP: 10/10 MP: 2/2
     0 | D:1      | 0 ||| qw: Version: 0.3-a-157-g843a77d
     0 | D:1      | 0 ||| qw: Game counter: 3706
     0 | D:1      | 0 ||| qw: Melee chars always use a shield: true
     0 | D:1      | 0 ||| qw: God list: Okawaru
     0 | D:1      | 0 ||| qw: Allow faded altars: false
     0 | D:1      | 0 ||| qw: Do Orc after clearing Dungeon:15 true
     0 | D:1      | 0 ||| qw: Do second Lair branch before Depths: true
     0 | D:1      | 0 ||| qw: Lair rune preference: random
     0 | D:1      | 0 ||| qw: Goals: Normal
     0 | D:1      | 0 ||| PLANNING D:1-11
    33 | D:1      | Reached skill level 3 in Dodging
   213 | D:1      | Reached XP level 2. HP: 14/14 MP: 3/3
   807 | D:1      | 807 ||| READING scroll labelled RAUMOC GAOLOH.
   908 | D:1      | 908 ||| READING scroll labelled IWAL DEIMI.
   908 | D:1      | 908 ||| IDENTIFYING puce potion
   909 | D:1      | 909 ||| READING 2 scrolls labelled DANOUF NUYWUY.
   910 | D:1      | 910 ||| DROPPING scroll of butterflies.
   911 | D:1      | 911 ||| DROPPING scroll of revelation.
  1107 | D:2      | Reached XP level 3. HP: 18/18 MP: 4/4
  1521 | D:2      | 1521 ||| READING scroll labelled PAF YBRECKUK.
  1525 | D:2      | 1525 ||| READING scroll labelled OMPYSA YSOOS.
  1525 | D:2      | 1525 ||| ENCHANTING +0 shortbow.
  1539 | D:3      | Found a faded altar of an unknown god.
  1695 | D:3      | Reached XP level 4. HP: 19/22 MP: 5/5
  1847 | D:3      | Reached XP level 5. HP: 26/26 MP: 6/6
  1920 | D:3      | 1920 ||| RETREEEEATING.
  1921 | D:3      | 1921 ||| RETREEEEATING.
  1922 | D:3      | 1922 ||| RETREEEEATING.
  1925 | D:3      | 1925 ||| RETREEEEATING.
  1935 | D:3      | HP: 5/26 [gnoll/+0 spear (4)]
  1936 | D:3      | 1936 ||| READING 2 scrolls of teleportation.
  1940 | D:3      | 1940 ||| READING scroll of teleportation.
  2357 | D:3      | Reached skill level 6 in Ranged Weapons
  2357 | D:3      | Reached XP level 6. HP: 16/30 MP: 7/7
  2357 | D:3      | 2357 ||| FLEEEEING.
  2358 | D:3      | 2358 ||| FLEEEEING.
  2382 | D:3      | 2382 ||| FLEEEEING.
  2383 | D:3      | 2383 ||| FLEEEEING.
  2384 | D:3      | 2384 ||| FLEEEEING.
  2385 | D:3      | 2385 ||| FLEEEEING.
  2386 | D:3      | 2386 ||| FLEEEEING.
  2387 | D:3      | 2387 ||| FLEEEEING.
  2388 | D:3      | 2388 ||| FLEEEEING.
  2389 | D:3      | 2389 ||| FLEEEEING.
  2390 | D:3      | 2390 ||| FLEEEEING.
  2391 | D:3      | 2391 ||| FLEEEEING.
  2392 | D:3      | 2392 ||| FLEEEEING.
  2393 | D:3      | 2393 ||| FLEEEEING.
  2394 | D:3      | 2394 ||| FLEEEEING.
  2395 | D:3      | 2395 ||| FLEEEEING.
  2397 | D:3      | 2397 ||| FLEEEEING.
  2402 | D:3      | 2402 ||| FLEEEEING.
  2403 | D:3      | 2403 ||| FLEEEEING.
  2404 | D:3      | 2404 ||| FLEEEEING.
  2406 | D:3      | 2406 ||| FLEEEEING.
  2408 | D:3      | 2408 ||| FLEEEEING.
  2409 | D:3      | 2409 ||| STAIRDANCE
  2438 | D:2      | 2438 ||| READING scroll of identify.
  2438 | D:2      | 2438 ||| IDENTIFYING sapphire potion
  2439 | D:2      | 2439 ||| READING scroll labelled HOJIEF QYNU.
  2440 | D:2      | 2440 ||| DROPPING potion of ambrosia.
  2500 | D:3      | 2500 ||| FLEEEEING.
  2505 | D:3      | 2505 ||| FLEEEEING.
  2506 | D:3      | 2506 ||| FLEEEEING.
  2508 | D:3      | 2508 ||| FLEEEEING.
  2562 | D:3      | Reached skill level 6 in Dodging
  2569 | D:3      | 2569 ||| FLEEEEING.
  2640 | D:3      | Noticed Terence
  2643 | D:3      | 2643 ||| FLEEEEING.
  2644 | D:3      | 2644 ||| FLEEEEING.
  2645 | D:3      | 2645 ||| FLEEEEING.
  2646 | D:3      | 2646 ||| FLEEEEING.
  2647 | D:3      | 2647 ||| FLEEEEING.
  2648 | D:3      | 2648 ||| FLEEEEING.
  2649 | D:3      | 2649 ||| FLEEEEING.
  2667 | D:3      | Killed Terence
  2803 | D:3      | Noticed an ice beast
  2808 | D:3      | Killed an ice beast
  2809 | D:3      | Reached XP level 7. HP: 35/35 MP: 8/8
  2809 | D:3      | 2809 ||| READING scroll of identify.
  2809 | D:3      | 2809 ||| IDENTIFYING orange potion
  2810 | D:3      | 2810 ||| DROPPING potion of attraction.
  2853 | D:4      | 2853 ||| STAIRDANCE
  2939 | D:4      | Noticed Blork the orc
  2957 | D:4      | Killed Blork the orc
  3036 | D:4      | HP: 8/35 [poisoned by a scorpion]
  3041 | D:4      | HP: 4/35 [poisoned by a scorpion]
  3050 | D:4      | 3050 ||| FLEEEEING.
  3051 | D:4      | 3051 ||| FLEEEEING.
  3052 | D:4      | 3052 ||| FLEEEEING.
  3054 | D:4      | 3054 ||| FLEEEEING.
  3055 | D:4      | 3055 ||| FLEEEEING.
  3180 | D:4      | Found a sparkling altar of Nemelex Xobeh.
  3447 | D:4      | Found a bloodstained altar of Trog.
  3464 | D:4      | Found a staircase to the Ecumenical Temple.
  3465 | D:4      | 3465 ||| PLANNING TEMPLE
  3469 | D:4      | Reached skill level 3 in Fighting
  3469 | D:4      | Reached XP level 8. HP: 22/40 MP: 9/9
  3541 | Temple   | Entered the Ecumenical Temple
  3542 | Temple   | 3542 ||| PLANNING OKAWARU WORSHIP
  3547 | Temple   | Became a worshipper of Warmaster Okawaru
  3548 | Temple   | 3548 ||| PLANNING D:1-11
  3995 | D:4      | 3995 ||| READING scroll labelled JEANEST MITWEXT.
  3996 | D:4      | 3996 ||| READING scroll labelled COSTAATEOF.
  3997 | D:4      | 3997 ||| DRINKING 2 silvery potions.
  3997 | D:4      | Gained mutation: You are clumsy. (Dex -2) [potion of
                  | mutation]
  3997 | D:4      | Gained mutation: You are resistant to electric shocks.
                  | (rElec) [potion of mutation]
  4000 | D:5      | Entered Level 5 of the Dungeon
  4326 | D:5      | Reached skill level 9 in Ranged Weapons
  4591 | D:5      | Found a shimmering altar of Xom.
  4649 | D:5      | 4649 ||| FLEEEEING.
  4738 | D:5      | Reached skill level 9 in Dodging
  4823 | D:5      | Identified the +7 sling of the Bedazzling Dove {antimagic,
                  | rCorr SInv}
  5071 | D:5      | 5071 ||| UPGRADING to amulet of faith.
  5079 | D:5      | 5079 ||| READING 2 scrolls of identify.
  5079 | D:5      | 5079 ||| IDENTIFYING pink potion
  5080 | D:5      | 5080 ||| READING scroll of identify.
  5080 | D:5      | 5080 ||| IDENTIFYING 2 cyan potions
  5081 | D:5      | 5081 ||| READING scroll labelled AXTIAR TIHIRCH.
  5082 | D:5      | 5082 ||| DROPPING 2 potions of degeneration.
  5084 | D:5      | 5084 ||| Stepping ~*~*~tactically~*~*~ (cloud).
  5261 | D:6      | HP: 2/40 [wyvern (15)]
  5263 | D:6      | Reached * piety under Okawaru
  5282 | D:6      | 5282 ||| FLEEEEING.
  5287 | D:6      | 5287 ||| FLEEEEING.
  5301 | D:6      | 5301 ||| FLEEEEING.
  5302 | D:6      | 5302 ||| FLEEEEING.
  5303 | D:6      | 5303 ||| FLEEEEING.
  5304 | D:6      | 5304 ||| FLEEEEING.
  5305 | D:6      | 5305 ||| FLEEEEING.
  5306 | D:6      | 5306 ||| FLEEEEING.
  5311 | D:6      | 5311 ||| FLEEEEING.
  5312 | D:6      | 5312 ||| FLEEEEING.
  5313 | D:6      | 5313 ||| FLEEEEING.
  5314 | D:6      | 5314 ||| STAIRDANCE
  5497 | D:6      | Reached skill level 1 in Invocations
  5655 | D:6      | Reached XP level 9. HP: 36/44 MP: 11/11
  5882 | D:6      | HP: 11/44 [poisoned by a scorpion]
  5884 | D:6      | HP: 3/44 [scorpion (5)]
  5885 | D:6      | Succumbed to a scorpion's poison

Levels and vault maps discovered:
D:1:      dpeg_arrival_more_subterranean_lakeside_camping, layout_basic,
          st_stairs_8, kennysheep_decorative_pillar
D:2:      layout_basic
D:3:      lemuel_castle_with_subvaults [lemuel_castle_interior_original],
          layout_basic, nicolae_ecumenical_pavilion, uniq_terence
D:4:      layout_loops_ring, nemelex_diamond_rough_becter, bloody_trog,
          minmay_temple_entry_proselytizer, uniq_blork_the_orc
D:5:      layout_loops_cross, xom_confusion_cloud, kennysheep_cross_room,
          grunt_decor_arrowhead
D:6:      layout_loops_corners, mainiacjoe_overflow_two_lobes
Temple:   eino_narrow_crystal_temple

Skill      XL: |  1  2  3  4  5  6  7  8  9 |
---------------+----------------------------+-----
Dodging        | 3 4 5 6 7 9 |  9.2
Ranged Weapons | 5 6 7 8 9 |  9.8
Fighting       | 2 3 |  3.0
Invocations    | 1 2 |  2.1
Stealth        | |  1.5

Action                     |  1- 3 |  4- 6 |  7- 9 || total
---------------------------+-------+-------+-------++-------
   Fire: Shortbow          |   105 |   225 |   309 ||   639
    Use: Scroll            |     5 |     4 |     6 ||    15
         Potion            |       |       |     1 ||     1
 Armour: Robe              |     8 |    30 |    44 ||    82
  Dodge: Dodged            |    35 |   130 |   160 ||   325

Table legend:
 A = Non-vault XP
 B = Vault XP
 C = Vault XP percentage of total XP
 D = Non-vault monster count
 E = Vault monster count
 F = Vault count percentage of total count
                 A         B        C        D         E       F
            +---------+---------+-------+---------+---------+-------
      Total |    1875 |    1051 |  35.9 |     105 |      68 |  39.3
            +---------+---------+-------+---------+---------+-------
        D:1 |      29 |       3 |   9.4 |      19 |       2 |   9.5
        D:2 |      25 |       0 |   0.0 |      15 |       0 |   0.0
        D:3 |     104 |     710 |  87.2 |      18 |      56 |  75.7
        D:4 |     496 |     140 |  22.0 |      27 |       2 |   6.9
        D:5 |     588 |     198 |  25.2 |      18 |       8 |  30.8
        D:6 |     633 |       0 |   0.0 |       8 |       0 |   0.0
            +---------+---------+-------+---------+---------+-------
